Map: Whitewater Line LE

Players

FranktheTank - Winner!

  • Race: Protoss Protoss

AlphaHawk - Winner!

  • Race: Protoss Protoss

MechnCheese - Winner!

  • Race: Protoss Protoss
  • League: Diamond

Famine

  • Race: Zerg Zerg
  • League: Master

Juxtapose

  • Race: Protoss Protoss

SaTivAs

  • Race: Zerg Zerg
  • League: Diamond

VOD

Have the link to the VOD?

Description

Time

  • Played on: Oct. 16, 2021, 7:35 a.m.
  • Length: 11:38
Show
View Real Time Build Order
Export as new Build Order

FranktheTank Protoss - Winner!

Build Orders: 1 Gate Expand, Zealot Archon 

Get SALT Encoding   

  12  0:00  Probe  
  13  0:12  Probe  
  14  0:25  Probe, Pylon  
  15  0:43  Probe (Chrono Boost)  
  15  0:45  Gateway  
  16  0:52  Assimilator  
  16  0:54  Probe (Chrono Boost)  
  17  0:59  Probe (Chrono Boost)  
  18  1:09  Probe  
  19  1:21  Probe  
  20  1:27  Nexus  
  20  1:37  Cybernetics Core  
  20  1:39  Probe  
  21  1:49  Assimilator  
  21  1:51  Pylon  
  21  1:53  Probe  
  22  2:05  Probe  
  23  2:14  Warp Gate  
  23  2:15  Adept  
  23  2:18  Probe  
  26  2:30  Probe  
  27  2:38  Pylon  
  27  2:41  Probe (Chrono Boost)  
  27  2:42  Probe (Chrono Boost)  
  29  2:45  Stalker  
  31  2:53  Probe (Chrono Boost)  
  31  2:55  Probe (Chrono Boost)  
  33  2:58  Robotics Facility  
  33  3:02  Probe (Chrono Boost)  
  33  3:03  Probe (Chrono Boost)  
  35  3:10  Probe (Chrono Boost)  
  35  3:11  Probe (Chrono Boost)  
  37  3:16  Sentry  
  37  3:19  Probe (Chrono Boost)  
  41  3:20  Probe (Chrono Boost)  
  41  3:23  Twilight Council  
  41  3:28  Forge  
  41  3:29  Probe  
  41  3:30  Probe  
  43  3:41  Probe  
  43  3:42  Probe  
  45  3:51  Observer  
  45  3:53  Probe, Assimilator  
  45  3:54  Probe  
  48  3:56  Assimilator  
  48  4:00  Charge  
  48  4:05  Probe  
  48  4:07  Probe  
  48  4:08  Protoss Ground Weapons Level 1 (Chrono Boost)  
  50  4:14  Pylon  
  50  4:19  Gateway  
  50  4:20  Gateway  
  50  4:22  Gateway  
  50  4:24  Shield Battery  
  50  4:32  Pylon  
  50  4:33  Shield Battery  
  50  4:36  Immortal  
  54  4:41  Probe  
  55  4:55  Gateway x2  
  55  4:59  Gateway  
  55  5:02  Gateway  
  55  5:15  Immortal  
  55  5:20  Pylon  
  59  5:28  Templar Archives  
  59  5:42  Zealot x3  
  65  5:43  Zealot  
  67  5:54  Warp Prism  
  69  5:59  Protoss Ground Armor Level 1 (Chrono Boost)  
  69  6:00  Zealot x4  
  77  6:10  Pylon  
  77  6:11  Pylon  
  77  6:30  High Templar x3  
  77  6:31  High Templar x2  
  77  6:32  Pylon  
  87  6:33  Pylon  
  87  6:35  Archon x2  
  87  6:40  Zealot x3  
  87  6:43  Pylon  
  87  6:44  Pylon  
  93  7:01  High Templar x2  
  95  7:04  High Templar  
  95  7:07  Zealot  
  95  7:08  Zealot x2  
  103  7:09  Zealot x2  
  103  7:11  Archon  
  103  7:12  Archon  
  109  7:31  Pylon  
  109  7:32  Pylon  
  109  7:33  High Templar x2  
  109  7:34  Zealot x2  
  109  7:35  Zealot x2  
  121  7:40  Archon  
  118  8:03  Warp Prism (Chrono Boost)  
  96  8:28  Zealot x2  
  96  8:29  Zealot x6  
  92  9:01  Protoss Ground Weapons Level 2 (Chrono Boost)  
  88  9:08  Zealot  
  88  9:09  Zealot x7  
  96  9:31  High Templar x7  
  80  9:34  Zealot  
  80  9:36  Archon x3  
  80  9:38  Warp Prism (Chrono Boost)  
  94  10:08  Zealot  
  94  10:09  Zealot x7  
  94  10:44  High Templar x5  
  94  10:46  Zealot  
  94  10:47  Zealot x2  
  94  10:49  Archon x2  
  110  11:04  Warp Prism (Chrono Boost)  
Show
View Real Time Build Order
Export as new Build Order

AlphaHawk Protoss - Winner!

Build Orders: 1 Gate Expand, Zealot Archon 

Get SALT Encoding   

  12  0:01  Probe  
  13  0:25  Pylon  
  13  0:30  Probe  
  14  0:42  Probe  
  15  0:46  Gateway  
  15  0:53  Assimilator  
  15  0:54  Probe (Chrono Boost)  
  17  1:05  Probe (Chrono Boost)  
  17  1:10  Probe (Chrono Boost)  
  18  1:21  Probe  
  19  1:31  Nexus  
  19  1:39  Cybernetics Core  
  19  1:45  Probe  
  20  1:51  Assimilator  
  20  1:57  Probe  
  20  2:01  Pylon  
  21  2:09  Probe  
  21  2:14  Warp Gate (Chrono Boost)  
  22  2:19  Adept  
  24  2:26  Probe  
  25  2:38  Probe (Chrono Boost)  
  27  2:45  Probe (Chrono Boost)  
  27  2:49  Stalker  
  27  2:50  Probe (Chrono Boost)  
  30  2:54  Probe (Chrono Boost)  
  30  2:57  Probe (Chrono Boost)  
  32  2:59  Probe (Chrono Boost)  
  32  3:04  Probe  
  34  3:09  Probe  
  35  3:13  Robotics Facility  
  35  3:16  Probe  
  38  3:20  Sentry  
  38  3:21  Probe (Chrono Boost)  
  39  3:27  Twilight Council  
  39  3:33  Probe x2 (Chrono Boost)  
  41  3:40  Probe (Chrono Boost)  
  43  3:42  Probe (Chrono Boost)  
  43  3:46  Forge  
  43  3:48  Probe  
  43  3:49  Pylon  
  43  3:52  Probe  
  45  3:56  Assimilator  
  45  3:59  Assimilator  
  45  4:00  Probe  
  46  4:07  Probe  
  47  4:11  Pylon  
  47  4:12  Probe, Charge (Chrono Boost)  
  47  4:16  Warp Prism  
  48  4:19  Protoss Ground Armor Level 1 (Chrono Boost)  
  48  4:20  Probe  
  51  4:24  Probe  
  51  4:28  Pylon  
  52  4:50  Gateway  
  52  4:51  Gateway  
  52  4:53  Observer  
  52  4:54  Gateway  
  52  4:56  Shield Battery  
  52  4:59  Gateway  
  53  5:03  Gateway  
  53  5:07  Gateway  
  53  5:13  Gateway  
  53  5:14  Immortal  
  53  5:16  Shield Battery  
  57  5:38  Photon Cannon  
  57  5:41  Photon Cannon  
  57  5:46  Zealot  
  57  5:48  Zealot x2  
  63  5:53  Observer  
  64  5:57  Pylon  
  64  5:59  Pylon  
  64  6:06  Templar Archives  
  64  6:10  Zealot x3  
  70  6:25  Pylon  
  70  6:34  Pylon, Stalker x4  
  70  6:36  Pylon  
  70  6:38  Pylon  
  78  6:40  Pylon  
  78  6:51  High Templar  
  78  6:52  High Templar x3  
  86  6:56  Archon x2  
  86  7:10  High Templar x2  
  86  7:11  Zealot, High Templar  
  86  7:15  Archon  
  94  7:24  Protoss Ground Weapons Level 1  
  94  7:32  Zealot x3  
  94  7:33  Zealot x2  
  96  7:38  Zealot x4  
  96  7:42  Zealot  
  96  7:43  Zealot  
  108  7:59  Stalker  
  108  8:00  Stalker x2  
  111  8:21  Nexus  
  87  8:39  Stalker x2  
  87  8:40  Zealot x6  
  99  9:04  Zealot x3  
  99  9:05  Zealot x3  
  99  9:06  Zealot  
  99  9:07  Zealot  
  115  9:11  Probe x2  
  115  9:16  Pylon  
  115  9:19  Pylon  
  115  9:23  Probe x2  
  115  9:35  Probe x2  
  117  9:47  Probe  
  117  9:48  Probe  
  117  9:50  Warp Prism  
  117  9:52  Probe  
  122  9:59  Probe  
  123  10:00  Probe  
  123  10:04  Probe  
  125  10:12  Probe x2  
  127  10:16  Probe  
  126  10:24  Probe x2  
  116  10:28  Probe  
  101  10:36  Probe x2  
  101  10:41  Probe  
  98  10:46  Assimilator  
  98  10:48  Probe, Assimilator  
  97  10:51  Nexus  
  97  10:54  Pylon  
  97  10:55  Pylon  
  97  10:58  Pylon  
  97  11:03  Probe x3  
  100  11:14  Zealot x6  
  100  11:15  Probe x3  
  115  11:27  Zealot x2  
Show
View Real Time Build Order
Export as new Build Order

MechnCheese Protoss - Winner!

Build Orders: Carriers 

Get SALT Encoding   

  12  0:00  Probe  
  13  0:15  Probe  
  13  0:21  Pylon  
  14  0:27  Probe (Chrono Boost)  
  15  0:39  Probe (Chrono Boost)  
  15  0:41  Gateway  
  16  0:47  Probe (Chrono Boost)  
  17  0:50  Assimilator  
  17  0:54  Probe  
  18  0:59  Assimilator  
  18  1:06  Probe  
  19  1:18  Probe  
  20  1:26  Assimilator  
  20  1:30  Probe, Assimilator  
  21  1:42  Probe  
  22  1:51  Pylon  
  22  1:54  Probe  
  23  2:06  Assimilator  
  23  2:09  Assimilator  
  23  2:14  Cybernetics Core  
  23  2:31  Nexus  
  23  2:36  Probe  
  24  2:48  Probe  
  25  2:52  Stargate  
  25  2:55  Warp Gate  
  25  2:59  Adept  
  25  3:04  Probe  
  28  3:25  Gateway  
  28  3:32  Probe  
  29  3:37  Void Ray (Chrono Boost)  
  29  3:40  Pylon  
  29  3:46  Stargate  
  33  3:50  Probe (Chrono Boost)  
  33  3:51  Probe (Chrono Boost)  
  35  4:04  Pylon  
  35  4:07  Probe  
  35  4:08  Probe  
  37  4:11  Forge  
  37  4:15  Void Ray (Chrono Boost)  
  37  4:19  Probe  
  42  4:38  Phoenix  
  44  4:39  Probe (Chrono Boost)  
  44  4:45  Probe (Chrono Boost)  
  46  4:48  Sentry  
  46  4:49  Probe (Chrono Boost)  
  46  4:52  Assimilator  
  50  4:53  Probe (Chrono Boost)  
  50  4:57  Assimilator  
  50  5:01  Pylon, Phoenix  
  50  5:06  Probe (Chrono Boost)  
  54  5:11  Probe (Chrono Boost)  
  54  5:16  Probe (Chrono Boost)  
  54  5:20  Probe (Chrono Boost)  
  56  5:30  Probe  
  57  5:38  Fleet Beacon  
  57  5:41  Probe  
  57  5:42  Probe  
  59  5:43  Protoss Air Weapons Level 1  
  59  5:53  Probe  
  60  6:04  Probe (Chrono Boost), Shield Battery  
  66  6:11  Probe (Chrono Boost)  
  66  6:14  Probe (Chrono Boost), Nexus  
  68  6:18  Probe (Chrono Boost)  
  68  6:20  Pylon  
  68  6:23  Pylon  
  68  6:24  Probe  
  69  6:27  Assimilator  
  71  6:43  Photon Cannon  
  71  6:45  Carrier x2 (Chrono Boost)  
  71  6:46  Photon Cannon  
  71  6:47  Shield Battery  
  71  6:54  Probe x2  
  79  7:06  Probe x2  
  79  7:07  Stargate  
  81  7:18  Probe x2  
  83  7:30  Probe x2  
  83  7:34  Nexus  
  85  7:39  Carrier (Chrono Boost)  
  85  7:42  Probe  
  85  7:43  Carrier (Chrono Boost)  
  98  8:00  Pylon  
  98  8:05  Pylon  
  98  8:08  Assimilator  
  98  8:10  Twilight Council  
  98  8:13  Assimilator x2  
  98  8:23  Probe x3  
  101  8:29  Carrier (Chrono Boost)  
  107  8:35  Probe x3  
  107  8:38  Cybernetics Core  
  107  8:41  Protoss Air Weapons Level 2  
  110  8:47  Probe  
  111  8:52  Probe x3  
  114  8:59  Probe  
  114  9:00  Shield Battery  
  114  9:01  Shield Battery  
  115  9:04  Probe x3, Photon Cannon  
  115  9:05  Photon Cannon  
  118  9:11  Probe  
  118  9:16  Probe x3  
  122  9:21  Carrier (Chrono Boost)  
  120  9:31  Carrier (Chrono Boost)  
  130  9:40  Pylon  
  130  9:43  Pylon x2  
  130  9:44  Pylon  
  130  9:52  Stargate  
  130  9:54  Cybernetics Core  
  130  9:57  Probe x2  
  130  9:58  Probe  
  130  9:59  Carrier  
  147  10:18  Photon Cannon  
  147  10:20  Photon Cannon  
  147  10:28  Carrier  
  147  10:29  Carrier  
Show
View Real Time Build Order
Export as new Build Order

Famine Zerg 

Build Orders: Hatch First 

Get SALT Encoding   

  12  0:00  Drone  
  13  0:13  Overlord  
  14  0:21  Drone  
  14  0:31  Drone x2  
  16  0:54  Hatchery  
  16  0:57  Drone  
  16  0:58  Drone  
  17  1:04  Drone  
  17  1:11  Extractor  
  17  1:15  Drone  
  18  1:25  Drone  
  19  1:28  Spawning Pool  
  18  1:35  Drone  
  19  1:45  Drone  
  20  2:02  Drone x2  
  20  2:07  Overlord  
  22  2:15  Queen x2  
  26  2:16  Zergling x2  
  26  2:17  Metabolic Boost  
  27  2:23  Zergling x2  
  27  2:29  Drone x2  
  30  2:36  Zergling x2  
  31  2:39  Drone  
  32  3:06  Hatchery  
  32  3:12  Drone x2, Overlord  
  33  3:13  Drone x2  
  33  3:19  Overlord  
  35  3:26  Overlord  
  35  3:34  Overlord  
  35  3:35  Drone x5  
  40  3:42  Drone  
  40  3:47  Drone  
  42  3:57  Zergling x2  
  42  3:58  Zergling x12  
  49  4:10  Drone  
  49  4:11  Drone  
  51  4:17  Drone x2  
  51  4:23  Pneumatized Carapace  
  53  4:28  Drone x3  
  53  4:29  Drone x4, Queen  
  53  4:30  Queen  
  64  4:34  Overlord x2  
  64  4:41  Drone x3  
  64  4:42  Drone  
  64  4:43  Spore Crawler  
  67  4:51  Overlord  
  67  4:53  Spore Crawler  
  66  5:01  Drone  
  66  5:02  Drone x3  
  66  5:06  Spore Crawler, Queen  
  71  5:12  Drone x3  
  74  5:16  Extractor  
  74  5:17  Drone x4, Extractor  
  74  5:19  Lair  
  76  5:28  Queen, Overlord  
  78  5:41  Queen  
  80  5:46  Drone  
  80  5:47  Drone x6, Hatchery  
  86  5:52  Extractor  
  86  5:53  Drone x3, Extractor  
  86  5:54  Evolution Chamber x2  
  85  5:57  Extractor  
  85  6:04  Drone x4, Queen  
  87  6:10  Spore Crawler  
  89  6:13  Spore Crawler  
  89  6:16  Spore Crawler  
  89  6:17  Queen  
  89  6:19  Spine Crawler  
  89  6:23  Queen  
  89  6:24  Spore Crawler x2  
  89  6:25  Hydralisk Den, Overlord x2  
  88  6:28  Overseer  
  87  6:37  Drone x3  
  90  6:42  Zerg Ground Armor Level 1  
  90  6:43  Zerg Missile Weapons Level 1  
  90  6:47  Drone x3  
  90  6:48  Drone x7  
  100  6:56  Overlord x3  
  100  7:04  Muscular Augments  
  100  7:09  Drone  
  100  7:10  Extractor, Baneling Nest  
  100  7:11  Infestation Pit  
  100  7:12  Spore Crawler  
  100  7:14  Drone x2  
  100  7:15  Drone, Spore Crawler, Extractor  
  98  7:27  Queen x2  
  98  7:28  Queen  
  106  7:35  Overlord x3  
  106  7:48  Zergling x8  
  106  7:49  Zergling x18  
  106  7:50  Zergling x6  
  103  8:00  Baneling x5  
  103  8:01  Baneling  
  103  8:02  Centrifical Hooks  
  99  8:11  Baneling  
  99  8:12  Baneling x11  
  92  8:13  Baneling x5  
  92  8:15  Grooved Spines  
  72  8:43  Zergling x2  
  72  8:44  Zergling x18, Lurker Den  
  72  8:45  Zergling x16, Queen  
  72  8:46  Queen  
  91  8:58  Zergling x6  
  94  9:06  Baneling  
  94  9:07  Baneling x8  
  94  9:08  Baneling x9  
  94  9:09  Baneling  
  91  9:12  Spine Crawler  
  73  9:31  Zergling x2  
  73  9:32  Zergling x16  
  73  9:33  Zergling x2  
  73  9:35  Queen  
  88  9:44  Hatchery  
  85  9:46  Hydralisk x2  
  85  9:47  Hydralisk x2  
  81  9:58  Baneling  
  81  9:59  Baneling x10  
  63  10:00  Baneling  
  44  10:20  Zergling x8  
  44  10:21  Zergling x12  
  47  10:25  Hatchery  
  32  10:48  Spawning Pool  
Show
View Real Time Build Order
Export as new Build Order

Juxtapose Protoss 

Build Orders:  

Get SALT Encoding   

  12  0:02  Probe  
  13  0:14  Probe  
  13  0:20  Pylon  
  14  0:42  Probe  
  15  0:54  Probe  
  16  1:06  Probe  
  17  1:16  Nexus  
  17  1:19  Pylon  
  17  1:45  Gateway  
  17  2:02  Forge  
  17  2:04  Pylon  
  17  2:06  Pylon  
  17  2:11  Gateway  
  17  2:17  Pylon  
  17  2:30  Probe (Chrono Boost)  
  17  2:31  Zealot (Chrono Boost)  
  17  2:34  Probe (Chrono Boost)  
  21  2:40  Probe (Chrono Boost)  
  21  2:41  Probe (Chrono Boost)  
  21  2:42  Photon Cannon  
  23  2:45  Probe x2 (Chrono Boost)  
  25  2:52  Photon Cannon  
  25  3:02  Cybernetics Core  
  25  3:05  Probe (Chrono Boost)  
  27  3:10  Probe (Chrono Boost)  
  27  3:11  Assimilator  
  27  3:24  Probe (Chrono Boost)  
  27  3:25  Probe (Chrono Boost)  
  29  3:30  Probe (Chrono Boost)  
  29  3:32  Probe (Chrono Boost)  
  31  3:37  Assimilator  
  33  3:42  Probe (Chrono Boost)  
  33  3:43  Probe (Chrono Boost)  
  33  3:47  Probe (Chrono Boost)  
  33  3:51  Probe  
  35  3:58  Probe  
  35  4:01  Assimilator  
  36  4:03  Probe  
  37  4:10  Probe  
  37  4:15  Probe  
  39  4:23  Probe  
  40  4:27  Probe  
  41  4:31  Assimilator  
  41  4:32  Stargate  
  41  4:35  Probe  
  42  4:53  Shield Battery  
  42  5:09  Probe x2 (Chrono Boost)  
  44  5:17  Probe x2 (Chrono Boost), Nexus  
  44  5:19  Stargate  
  44  5:20  Stargate  
  46  5:37  Pylon  
  46  5:43  Probe x2  
  46  5:47  Phoenix  
  50  5:51  Shield Battery  
  50  5:55  Probe x2  
  52  5:57  Assimilator  
  52  6:00  Shield Battery  
  52  6:02  Photon Cannon  
  52  6:04  Photon Cannon  
  52  6:07  Probe, Pylon  
  52  6:09  Phoenix x2  
  57  6:12  Phoenix  
  57  6:14  Pylon  
  57  6:31  Pylon  
  57  6:34  Phoenix x2  
  57  6:38  Phoenix (Chrono Boost)  
  66  6:48  Probe x2 (Chrono Boost)  
  66  6:50  Probe (Chrono Boost)  
  66  6:56  Probe (Chrono Boost)  
  66  6:58  Phoenix x2 (Chrono Boost)  
  66  6:59  Probe (Chrono Boost)  
  66  7:00  Probe (Chrono Boost)  
  73  7:01  Probe (Chrono Boost), Phoenix (Chrono Boost)  
  73  7:05  Probe  
  73  7:08  Probe  
  78  7:10  Probe  
  78  7:14  Phoenix x2 (Chrono Boost)  
  79  7:17  Probe, Phoenix  
  79  7:20  Probe  
  87  7:22  Assimilator  
  87  7:38  Nexus  
  87  7:39  Phoenix  
  87  7:41  Pylon  
  89  7:51  Phoenix  
  89  7:52  Phoenix  
  89  7:58  Pylon  
  93  8:04  Phoenix  
  95  8:16  Phoenix x2  
  83  8:29  Phoenix  
  79  8:41  Phoenix x2  
  81  8:54  Phoenix  
  77  9:06  Phoenix x2  
  65  9:18  Phoenix  
  64  9:31  Phoenix x2  
  68  9:39  Photon Cannon  
  68  9:41  Photon Cannon  
  68  9:43  Photon Cannon, Phoenix  
  68  9:45  Pylon  
  70  9:46  Photon Cannon  
  70  9:54  Photon Cannon  
  70  9:56  Phoenix x2  
  70  9:57  Photon Cannon  
  70  9:58  Photon Cannon  
  74  10:01  Photon Cannon  
  74  10:03  Photon Cannon  
  73  10:08  Phoenix  
  75  10:39  Pylon  
  75  10:41  Pylon  
  75  10:42  Pylon  
  69  10:45  Phoenix  
  69  10:46  Phoenix  
  69  10:48  Phoenix  
  70  10:58  Pylon  
Show
View Real Time Build Order
Export as new Build Order

SaTivAs Zerg 

Build Orders: 3 Hatch before Pool 

Get SALT Encoding   

  12  0:01  Drone  
  13  0:13  Overlord  
  13  0:19  Drone  
  14  0:33  Drone x2  
  16  0:38  Drone  
  17  0:47  Drone  
  18  1:14  Drone x2  
  18  1:17  Hatchery  
  19  1:37  Hatchery  
  18  1:43  Drone x3  
  21  1:47  Extractor  
  21  1:49  Spawning Pool  
  19  2:00  Drone  
  20  2:16  Drone x2  
  22  2:37  Drone x3  
  22  2:39  Queen  
  22  2:42  Overlord  
  27  2:48  Queen  
  27  2:49  Drone  
  30  2:55  Zergling x4  
  30  2:57  Queen  
  34  3:00  Metabolic Boost  
  34  3:03  Drone  
  34  3:04  Drone  
  36  3:06  Drone  
  37  3:24  Drone  
  37  3:25  Drone x4  
  37  3:26  Overlord  
  42  3:36  Overlord x2  
  42  3:46  Drone  
  42  3:47  Drone x3  
  46  4:03  Drone  
  46  4:04  Drone x8  
  55  4:18  Overlord x2  
  55  4:19  Drone x3  
  55  4:23  Extractor  
  57  4:24  Extractor, Lair  
  57  4:26  Extractor  
  57  4:28  Drone  
  57  4:31  Drone x3  
  59  4:35  Overlord x4  
  59  4:39  Extractor  
  59  4:40  Extractor  
  57  4:54  Drone x3  
  57  4:58  Hatchery  
  59  5:02  Drone  
  59  5:03  Drone x4  
  59  5:04  Drone  
  65  5:15  Drone  
  65  5:16  Drone x5  
  71  5:24  Hydralisk Den  
  70  5:30  Spore Crawler  
  70  5:31  Spore Crawler  
  70  5:32  Spore Crawler  
  70  5:34  Drone x6  
  73  5:39  Drone  
  73  5:40  Drone x4  
  78  5:45  Overlord  
  78  5:47  Overlord  
  78  5:55  Muscular Augments, Evolution Chamber  
  78  5:56  Hydralisk x2  
  78  5:57  Evolution Chamber  
  80  6:08  Hydralisk x2, Spore Crawler  
  80  6:09  Hydralisk  
  80  6:10  Spore Crawler  
  80  6:11  Spore Crawler  
  83  6:13  Spore Crawler  
  82  6:24  Hydralisk x4  
  82  6:25  Hydralisk x2  
  94  6:31  Drone x2  
  96  6:33  Hydralisk x2  
  100  6:49  Zerg Missile Weapons Level 1  
  100  6:50  Zerg Ground Armor Level 1  
  100  6:54  Infestation Pit  
  100  6:55  Hydralisk x2  
  100  6:56  Hydralisk x4  
  109  7:02  Drone  
  109  7:03  Drone x6  
  109  7:06  Grooved Spines  
  109  7:07  Drone  
  109  7:08  Drone x2  
  119  7:19  Overlord x2  
  119  7:20  Overlord x3  
  119  7:21  Overlord  
  119  7:39  Queen  
  119  7:42  Drone x3  
  119  7:43  Hydralisk  
  124  7:44  Hydralisk x7  
  140  8:03  Hydralisk x3  
  140  8:04  Hydralisk x7  
  146  8:20  Hydralisk x5  
  146  8:21  Hydralisk x4  
  124  8:36  Hydralisk  
  124  8:37  Hydralisk x8  
  121  8:53  Hydralisk x5  
  93  9:09  Hydralisk  
  85  9:10  Hydralisk x5  
  75  9:43  Hydralisk x7  
  75  9:44  Hydralisk  
  89  9:52  Spine Crawler, Hydralisk  
  87  9:53  Spine Crawler x3  
  87  9:55  Spine Crawler  
  87  9:57  Hydralisk  
  87  9:58  Spine Crawler  
  81  10:36  Hydralisk x6  
  81  10:38  Zergling x2  
  81  10:39  Zergling x16  
  83  10:50  Zergling x2  
  83  10:51  Queen  
  83  10:54  Zergling x2  
  79  11:06  Hydralisk x3  
  79  11:07  Hydralisk  
  79  11:09  Hydralisk  
Tags
 
Add a new tag
Caveats
  • Supply blocks, unpowered buildings, or Contaminate may cause inaccurate times.
  • Supply counts are checked every 10 seconds.